 Dungeon Crawl Stone Soup version 0.30-a0-799-g109b55a442 (webtiles) character file.

Game seed: 12538418357505878227

522 cforsyth the Ogre Mage (level 7, -1/70 HPs)
             Began as an Ogre Fire Elementalist on Feb 20, 2023.
             Slain by a gnoll
             ... wielding a +0 flail
             ... led by a gnoll sergeant
              (7 damage)
             ... on level 6 of the Dungeon.
             The game lasted 00:08:20 (4159 turns).

cforsyth the Ogre Mage (Ogre Fire Elementalist)     Turns: 4159, Time: 00:08:20

Health: -1/70      AC:  3    Str: 13    XL:     7   Next: 22%
Magic:  13/15      EV:  9    Int: 18    God:
Gold:   148        SH:  0    Dex:  9    Spells: 14/17 levels left

rFire   . . .      SeeInvis .    (no weapon)
rCold   . . .      Faith    .    (no shield)
rNeg    . . .      Spirit   .    a - +0 robe
rPois   .          Reflect  .    (helmet restricted)
rElec   .          Harm     .    (no cloak)
rCorr   .          Rampage  .    (gloves unavailable)
Will    .....                    (boots unavailable)
Stlth   +                        (no amulet)
HPRegen 0.31/turn                (no ring)
MPRegen 0.14/turn                (no ring)

@: very slightly contaminated
A: large, unfitting armour, tough skin 1
a: no special abilities


You were on level 6 of the Dungeon.
You visited 1 branch of the dungeon, and saw 6 of its levels.

You collected 148 gold pieces.

Inventory:

Armour
 a - a +0 robe (worn)
Jewellery
 m - an amulet of faith
 p - an amulet of magic regeneration
Scrolls
 e - 3 scrolls of identify {unknown}
 g - a scroll of blinking {unknown}
 h - 2 scrolls of amnesia {unknown}
 i - 3 scrolls of teleportation {unknown}
 j - 2 scrolls of magic mapping {unknown}
 n - a scroll of fog {unknown}
 o - a scroll of brand weapon {unknown}
Potions
 c - 3 potions of ambrosia
 d - a potion of degeneration {unknown}
 f - 2 potions of curing {unknown}
 k - 2 potions of flight {unknown}
 l - 3 potions of heal wounds {unknown}


   Skills:
 - Level 4.0 Fighting
 - Level 1.9 Dodging
 - Level 1.5 Stealth
 + Level 5.5 Spellcasting
 - Level 1.1 Conjurations
 + Level 5.0 Fire Magic


You had 14 spell levels left.
You knew the following spells:

 Your Spells              Type           Power      Damage    Failure   Level
a - Foxfire               Conj/Fire      60%        2x1d7     3%          1
b - Scorch                Fire           44%        2d7       2%          2

Your spell library contained the following spells:

 Spells                   Type           Power      Damage    Failure   Level
 Magic Dart               Conj           32%        1d4       9%          1
 Inner Flame              Hex/Fire       13%        N/A       14%         3
 Momentum Strike          Conj/Tloc      12%        3d8       16%         2
 Blink                    Tloc           8%         N/A       19%         2
 Call Imp                 Summ           4%         N/A       19%         2
 Lesser Beckoning         Tloc           8%         N/A       19%         2
 Kindle Blastsparks       Fire/Tloc/Air  20%        2d11      19%         3
 Mephitic Cloud           Conj/Pois/Air  6%         N/A       32%         3
 Flame Wave               Conj/Fire      15%        2d7       34%         4
 Anguish                  Hex/Necr       2%         N/A       77%         4
 Enfeeble                 Hex            2%         N/A       100%        7


Dungeon Overview and Level Annotations

Branches:
Dungeon (7/15)
 Temple: D:4-7

Altars:
Gozag
Hepliaklqana
Wu Jian
The Shining One


Innate Abilities, Weirdness & Mutations

You are too large for most types of armour.
You have tough skin. (AC +1)


Message History

The hound bites you.
Casting: Scorch (safe; 2% risk of failure)
Confirm with . or Enter, or press ? or * to list all spells.
Flames lash the hound.
The hound is heavily wounded.
The hound's fire resistance burns away.
The hound bites you but does no damage.
Casting: Scorch (safe; 2% risk of failure)
Confirm with . or Enter, or press ? or * to list all spells.
Flames lash the hound.
The hound is burned terribly!
You kill the hound!
Your Fire Magic skill increases to level 5!
Casting: Scorch (safe; 2% risk of failure)
Confirm with . or Enter, or press ? or * to list all spells.
You miscast Scorch.
Nothing appears to happen.
The gnoll barely misses you.
The gnoll hits you from afar with a +0 spear.
Casting: Scorch (safe; 2% risk of failure)
Confirm with . or Enter, or press ? or * to list all spells.
Flames lash the gnoll.
The gnoll is moderately wounded.
The gnoll's fire resistance burns away.
The gnoll closely misses you. x2
You barely miss the gnoll.
The gnoll is moderately wounded.
The gnoll is no longer more vulnerable to fire. x2
The gnoll hits you with a +0 flail! The gnoll hits you but does no damage.
You hit the gnoll but do no damage.
The gnoll is moderately wounded.
The gnoll hits you with a +0 flail!
The gnoll hits you from afar with a +0 spear.
* * * LOW HITPOINT WARNING * * *
Magic courses through your body.
The gnoll is no longer more vulnerable to fire.
The gnoll hits you with a +0 flail.
* * * LOW HITPOINT WARNING * * *
The gnoll hits you from afar with a +0 spear!
* * * LOW HITPOINT WARNING * * *
Casting: Scorch (safe; 2% risk of failure)
Confirm with . or Enter, or press ? or * to list all spells.
You miscast Scorch.
Nothing appears to happen.
The gnoll hits you with a +0 flail!
You die...

..#.... .....###
#....... #..#...
##..?..# #......
..#.....# ... #@# #
#.#....# #g# ...
.##......###g###...#
......##..#(g.....#
.............####.#
......###....#
#..........[## .
####..........).###...
#..>..................


You could see 3 gnolls.

Vanquished Creatures
  Grinder (D:3)
  A sky beast (D:7)
  A bullfrog (D:7)
  A hound (D:6)
  An iguana (D:6)
  5 gnolls
  2 adders (D:3)
  2 dart slugs
  An orc (D:3)
  3 bats
  9 endoplasms
  A giant cockroach (D:1)
  4 goblins
  4 hobgoblins
  10 kobolds
  5 quokkas
  4 ball pythons
  5 rats
60 creatures vanquished.

Vanquished Creatures (others)
  321 foxfires
321 creatures vanquished.

Grand Total: 381 creatures vanquished

Notes
Turn   | Place    | Note
-------+----------+-------------------------------------------
     0 | D:1      | cforsyth the Ogre Fire Elementalist began the quest for the
                  | Orb.
     0 | D:1      | Reached XP level 1. HP: 16/16 MP: 3/3
    59 | D:1      | Reached skill level 1 in Conjurations
   259 | D:1      | Reached XP level 2. HP: 24/24 MP: 2/5
   262 | D:1      | Learned a level 2 spell: Scorch
   801 | D:1      | Reached skill level 1 in Fighting
   955 | D:1      | Reached XP level 3. HP: 33/33 MP: 2/7
  1910 | D:2      | Found a faded altar of an unknown god.
  2196 | D:3      | Identified the +2 dagger of Disorder {heavy, rC+}
  2327 | D:3      | Found a glowing golden altar of the Shining One.
  2457 | D:3      | Reached XP level 4. HP: 36/42 MP: 2/8
  3298 | D:3      | Found an opulent altar of Gozag.
  3301 | D:3      | Found an ornate altar of the Wu Jian Council.
  3301 | D:3      | Found a hazy altar of Hepliaklqana.
  3302 | D:3      | Noticed Grinder
  3306 | D:3      | Paralysed by Grinder for 5 turns
  3334 | D:3      | Killed Grinder
  3335 | D:3      | Reached XP level 5. HP: 32/54 MP: 7/11
  3335 | D:3      | Reached XP level 6. HP: 36/62 MP: 7/12
  3883 | D:4      | You fall into a shaft and drop 3 floors!
  4019 | D:7      | Noticed a sky beast
  4029 | D:7      | Killed a sky beast
  4030 | D:7      | Reached skill level 5 in Spellcasting
  4032 | D:7      | Reached XP level 7. HP: 70/70 MP: 2/14
  4154 | D:6      | Reached skill level 5 in Fire Magic
  4159 | D:6      | Slain by a gnoll

Illustrated notes

Levels and vault maps discovered:
D:1:      lightli_molten_gateway, layout_loops_ring
D:2:      layout_loops_ring, ebering_ecumenical_altar_rust
D:3:      minmay_octagon_keep, layout_basic, mainiacjoe_overflow_boulevard,
          grunt_temple_overflow_diamond, serial_rivers,
          chequers_serial_rivers_micro_e, chequers_serial_rivers_small_a,
          chequers_serial_rivers_large_a, chequers_serial_rivers_room_b,
          chequers_serial_rivers_micro_e, chequers_serial_rivers_small_b,
          chequers_serial_rivers_marsh, uniq_grinder
D:4:      layout_cave_pools
D:6:      layout_rooms, slow_altar_1, portal_sewer_entry_f,
          minmay_misc_feat_secret_circle, grunt_ministairs_14
D:7:      nzn_winding_woodlands_medium [nzn_winding_woodlands_5x5_three,
          nzn_winding_woodlands_5x15_concentric,
          nzn_winding_woodlands_5x5_cross, nzn_winding_woodlands_5x5_default,
          nzn_winding_woodlands_center_pierced_h,
          nzn_winding_woodlands_5x5_checkerboard,
          nzn_winding_woodlands_hourglass, nzn_winding_woodlands_5x15_zeroes,
          nzn_winding_woodlands_5x5_default], layout_basic,
          minmay_misc_feat_encased

Skill      XL: |  1  2  3  4  5  6  7 |
---------------+----------------------+-----
Conjurations   | 1 |  1.1
Fighting       | 1 2 4 |  4.0
Fire Magic     | 3 4 5 |  5.0
Spellcasting   | 3 4 5 |  5.5
Dodging        | |  1.9
Stealth        | |  1.5

Action                     |  1- 3 |  4- 6 |  7- 9 || total
---------------------------+-------+-------+-------++-------
  Melee: Unarmed           |    23 |     2 |     8 ||    33
   Cast: Foxfire           |    91 |    82 |    12 ||   185
         Scorch            |       |       |     9 ||     9
    Use: Potion            |       |     1 |     2 ||     3
 Armour: Robe              |    11 |     6 |     4 ||    21
  Dodge: Dodged            |    12 |     5 |    13 ||    30

Table legend: (Time is in decaauts)
 A = Elapsed time spent in this place.
 B = Non-inter-level travel time spent in this place.
 C = Inter-level travel time spent in this place.
 D = Time resting spent in this place.
 E = Time spent auto-exploring this place.
 F = Levels seen in this place.
 G = Mean time per level.
                   A        B        C        D        E       F      G
               +--------+--------+--------+--------+--------+-----+--------+
         Total |   4157 |   4090 |     67 |     11 |   3561 |   6 |  692.8 |
       Dungeon |   4157 |   4090 |     67 |     11 |   3561 |   6 |  692.8 |
               +--------+--------+--------+--------+--------+-----+--------+

Top non-repeatable levels by time:
     D:3: 1660 daAuts
     D:1: 1289 daAuts
     D:2: 829 daAuts
     D:7: 215 daAuts
     D:4: 102 daAuts
     D:6: 59 daAuts
